 Dungeon Crawl Stone Soup version 0.30-a0-618-gd6c86c23d0 (webtiles) character file.

Game seed: 105185590196775917

143 wormed the Sneak (level 5, 0/32 HPs)
             Began as a Kobold Brigand on Jan 10, 2023.
             Slain by a river rat (7 damage)
             ... in a sewer.
             The game lasted 00:02:55 (2737 turns).

wormed the Sneak (Kobold Brigand)                   Turns: 2737, Time: 00:02:56

Health: 0/32       AC:  4    Str:  9    XL:     5   Next: 50%
Magic:  5/5        EV: 15    Int: 12    God:
Gold:   175        SH:  0    Dex: 18    Spells: 4/4 levels left

rFire   . . .      SeeInvis .    i - +2 dagger (flame)
rCold   . . .      Faith    .    (no shield)
rNeg    . . .      Spirit   .    b - +0 robe
rPois   .          Reflect  .    (no helmet)
rElec   .          Harm     .    c - +0 cloak
rCorr   .          Rampage  .    q - +0 pair of gloves
Will    .....                    (no boots)
Stlth   ++++                     (no amulet)
HPRegen 0.25/turn                m - ring of flight
MPRegen 0.09/turn                (no ring)

@: flying
A: small, no large weapons, nightstalker 3
a: no special abilities


You were in a sewer.
You visited 1 branch of the dungeon, and saw 3 of its levels.
You also visited: Sewer.

You collected 175 gold pieces.

Inventory:

Hand Weapons
 a - a +2 dagger
 i - a +2 dagger of flaming (weapon)
Missiles
 d - 11 poisoned darts
 e - 3 curare-tipped darts (quivered)
Armour
 b - a +0 robe (worn)
 c - a +0 cloak (worn)
 q - a +0 pair of gloves (worn)
Jewellery
 m - a ring of flight (left hand)
Scrolls
 g - a scroll of fear {unknown}
 j - a scroll of acquirement {unknown}
 k - a scroll of enchant armour {unknown}
 n - 3 scrolls of teleportation {unknown}
 o - 4 scrolls of fog {unknown}
 p - 2 scrolls of butterflies {unknown}
 s - 2 scrolls of noise
 t - 3 scrolls of identify {unknown}
 v - 2 scrolls of magic mapping {unknown}
 w - 2 scrolls of vulnerability {unknown}
Potions
 f - 2 potions of curing {unknown}
 h - 2 potions of attraction {unknown}
 l - a potion of cancellation {unknown}
 r - a potion of brilliance {unknown}
 u - a potion of lignification {unknown}
 x - a potion of mutation {unknown}
 z - 2 potions of heal wounds {unknown}


   Skills:
 + Level 3.1 Fighting
 * Level 4.8 Short Blades
 - Level 2.1 Throwing
 + Level 2.8 Dodging
 + Level 6.2 Stealth


You had 4 spell levels left.
You didn't know any spells.
Your spell library was empty.

Dungeon Overview and Level Annotations

Branches:
Dungeon (3/15)              Sewer (1/1)

Altars:


Innate Abilities, Weirdness & Mutations

You are small and have problems with some larger weapons.
You are completely attuned to the shadows.


Message History

You hit the river rat. You burn the river rat.
The river rat is severely wounded.
The river rat completely misses you. The river rat bites you!
You are too injured to fight recklessly!
You are too injured to fight recklessly!
You are too injured to fight recklessly!
You are too injured to fight recklessly!
You are too injured to fight recklessly!
You are too injured to fight recklessly!
You are too injured to fight recklessly!
You are too injured to fight recklessly!
You are too injured to fight recklessly!
You are too injured to fight recklessly!
You are too injured to fight recklessly!
You are too injured to fight recklessly!
You are too injured to fight recklessly!
You are too injured to fight recklessly!
You are too injured to fight recklessly!
You are too injured to fight recklessly!
You are too injured to fight recklessly!
You are too injured to fight recklessly!
The river rat barely misses you.
There is a large open door here.
You hit the river rat. You burn the river rat.
The river rat is moderately wounded.
The river rat attacks as you move away! The river rat barely misses you.
The river rat attacks as you move away! The river rat misses you.
The river rat attacks as you move away! The river rat barely misses you.
The river rat attacks as you move away! The river rat barely misses you.
The river rat attacks as you move away! The river rat barely misses you.
The river rat attacks as you move away!
The river rat bites you but does no damage.
The river rat twitches its whiskers.
The river rat twitches its whiskers.
The river rat attacks as you move away! The river rat barely misses you.
The river rat attacks as you move away! The river rat bites you.
The river rat attacks as you move away! The river rat bites you!
* * * LOW HITPOINT WARNING * * *
The river rat attacks as you move away! The river rat bites you!
You die...

#~≈~##.~....###
###############~≈.####~.....#
~~~.~.~~~~~.~.~~≈~# ###....##
≈≈≈≈≈≈≈≈≈≈≈≈≈≈≈.≈~####.......#
~~~~.~~.~~~~~~~~≈~##........##
###############~≈~###.....###
##### ###### #~≈.# #######
....# #!...# #~≈~#
#''#####''#####r@~#
.............~rr~.#
..†.........~~~~~~#
#†'#####''#####~≈~# ....#
#....# #~≈~# ##### ######
#~≈~# ###############~≈~####
~.~~~~~~~~~~.~~~≈~≈≈≈≈
≈≈≈≈≈≈≈≈≈≈≈≈≈≈≈≈≈.≈≈≈≈


You could see 3 river rats.

Vanquished Creatures
  5 adders (Sewer)
  2 river rats
  3 worms
  A dart slug (D:1)
  4 orcs (D:3)
  2 endoplasms
  2 giant cockroaches
  4 goblins
  7 hobgoblins
  7 jackals
  2 quokkas (Sewer)
  10 ball pythons
  7 bats
  A frilled lizard (Sewer)
  2 kobolds (D:1)
  5 rats
64 creatures vanquished.

Notes
Turn   | Place    | Note
-------+----------+-------------------------------------------
     0 | D:1      | wormed the Kobold Brigand began the quest for the Orb.
     0 | D:1      | Reached XP level 1. HP: 12/12 MP: 1/1
   286 | D:1      | Reached XP level 2. HP: 18/18 MP: 2/2
   391 | D:1      | Found a faded altar of an unknown god.
   555 | D:1      | Reached XP level 3. HP: 5/22 MP: 3/3
   737 | D:1      | You fall into a shaft and drop 1 floor!
  1571 | D:2      | Reached XP level 4. HP: 27/27 MP: 4/4
  2142 | D:3      | Found a glowing drain.
  2298 | Sewer    | Entered a sewer
  2310 | Sewer    | Reached skill level 6 in Stealth
  2398 | Sewer    | Reached XP level 5. HP: 32/32 MP: 5/5
  2737 | Sewer    | Slain by a river rat

Illustrated notes

Levels and vault maps discovered:
D:1:      dpeg_arrival_central, layout_basic, chequers_ecumenical_altar_island,
          nicolae_concentric_dashed_squares_mild, nicolae_wormholes
D:2:      cheibrodos_greedy_goblins, layout_basic, serial_forest,
          infiniplex_forest_straight_2, infiniplex_forest_end_1,
          infiniplex_forest_zigzag_1, infiniplex_forest_lined_ring,
          infiniplex_forest_clump_double, infiniplex_forest_end_double,
          infiniplex_forest_3_way, infiniplex_forest_lined_2
D:3:      layout_loops_ring, gammafunk_temple_overflow_statue,
          portal_sewer_entry_b, chequers_jeans, kennysheep_generic_room_11
Sewer:    sewer_fruit_machine

Skill      XL: |  1  2  3  4 |
---------------+-------------+-----
Short Blades   | 3 4 |  4.8
Dodging        | 2 |  2.8
Stealth        | 6 |  6.2
Fighting       | 3 |  3.1
Throwing       | |  2.1

Action                   |  1- 3 |  4- 6 || total
-------------------------+-------+-------++-------
Melee: Dagger            |    68 |   107 ||   175
       Punch             |     1 |     1 ||     2
Throw: Dart              |       |     1 ||     1
 Stab: Sleeping          |    12 |     7 ||    19
Armor: Robe              |     8 |    29 ||    37
Dodge: Dodged            |    53 |   116 ||   169

Table legend: (Time is in decaauts)
 A = Elapsed time spent in this place.
 B = Non-inter-level travel time spent in this place.
 C = Inter-level travel time spent in this place.
 D = Time resting spent in this place.
 E = Time spent auto-exploring this place.
 F = Levels seen in this place.
 G = Mean time per level.
                   A        B        C        D        E       F      G
               +--------+--------+--------+--------+--------+-----+--------+
         Total |   2755 |   2662 |     93 |      0 |   2206 |   4 |  688.8 |
       Dungeon |   2291 |   2198 |     93 |      0 |   1938 |   3 |  763.7 |
         Sewer |    463 |    463 |      0 |      0 |    267 |   1 |  463.0 |
               +--------+--------+--------+--------+--------+-----+--------+

Top non-repeatable levels by time:
     D:2: 1113 daAuts
     D:1: 1018 daAuts
   Sewer: 463 daAuts
     D:3: 160 daAuts
